 Dungeon Crawl Stone Soup version 0.28-a0-1518-gbe868bca14 (webtiles) character file.

Game seed: 16022167145119591613

1091 mandarbmax the Cutter (level 8, -1/41 HPs)
             Began as a Kobold Enchanter on Jan 16, 2022.
             Slain by AigisTheKnight's ghost (13 damage)
             ... on level 5 of the Dungeon.
             The game lasted 00:12:54 (6563 turns).

mandarbmax the Cutter (Kobold Enchanter)            Turns: 6563, Time: 00:12:54

Health: -1/41      AC:  4    Str:  6    XL:     8   Next: 56%
Magic:  11/11      EV: 17    Int: 16    God:
Gold:   180        SH:  0    Dex: 17    Spells: 3/11 levels left

rFire   . . .      SeeInvis .   e - +3 dagger (venom)
rCold   . . .      Faith    .   (no shield)
rNeg    . . .      Spirit   .   b - +0 robe
rPois   .          Reflect  .   y - +0 helmet
rElec   .          Harm     .   (no cloak)
rCorr   .          Rampage  .   (no gloves)
Will    .....                   a - +0 pair of boots
Stlth   +++++.....              l - amulet of magic regeneration
HPRegen 0.13/turn               (no ring)
MPRegen 0.52/turn               (no ring)

@: mighty, invisible
A: small, no large weapons, nightstalker 3
a: no special abilities


You were on level 5 of the Dungeon.
You visited 1 branch of the dungeon, and saw 6 of its levels.
You also visited: Sewer.

You collected 180 gold pieces.

Inventory:

Hand Weapons
 e - a +3 dagger of venom (weapon)
Missiles
 s - 3 poisoned darts
 t - 3 curare-tipped darts (quivered)
Armour
 a - a +0 pair of boots (worn)
 b - a +0 robe (worn)
 y - a +0 helmet (worn)
Jewellery
 l - an amulet of magic regeneration (around neck)
Wands
 m - a wand of mindburst (6)
Scrolls
 c - a scroll of noise {unknown}
 f - 3 scrolls of magic mapping
 j - a scroll of fog
 k - 3 scrolls of blinking
 n - a scroll of holy word
 o - a scroll of amnesia
 u - a scroll of summoning {unknown}
 w - a scroll of vulnerability {unknown}
 A - a scroll of enchant armour {unknown}
Potions
 g - 2 potions of ambrosia
 i - 2 potions of experience {unknown}
 p - a potion of flight
 q - 2 potions of heal wounds {unknown}
 r - a potion of attraction
 v - a potion of brilliance
 x - a potion of berserk rage {unknown}
Miscellaneous
 d - a condenser vane


   Skills:
 - Level 7.0 Short Blades
 - Level 3.0 Throwing
 + Level 5.9 Dodging
 - Level 7.0 Stealth
 - Level 2.1 Spellcasting
 - Level 5.0 Hexes


You had 3 spell levels left.
You knew the following spells:

 Your Spells              Type           Power      Damage    Failure   Level
a - Ensorcelled Hibernat  Hex/Ice        18%        N/A       11%         2
b - Tukima's Dance        Hex            17%        N/A       8%          3
c - Swiftness             Air            1%         N/A       52%         3

Your spell library contained the following spells:

 Spells                   Type           Power      Damage    Failure   Level
 Confusing Touch          Hex            17%        N/A       8%          3
 Dazzling Flash           Conj/Hex       18%        N/A       22%         3
 Passwall                 Tmut/Erth      0%         N/A       30%         2
 Static Discharge         Conj/Air       1%         N/A       30%         2
 Lightning Bolt           Conj/Air       0%         1d11      99%         5
 Summon Forest            Summ/Tloc      0%         N/A       99%         5
 Eringya's Noxious Bog    Tmut/Pois      0%         N/A       100%        6
 Summon Hydra             Summ           0%         N/A       100%        7
 Maxwell's Capacitive Co  Air            0%         ∞         100%        8


Dungeon Overview and Level Annotations

Branches:
Dungeon (6/15)              Sewer (visited)
 Temple: D:4-7

Altars:
Fedhas

Shops:
D:4 :

Annotations:
D:5 AigisTheKnight's ghost, novice NaWr


Innate Abilities, Weirdness & Mutations

You are small and have problems with some larger weapons.
You are completely attuned to the shadows.


Message History

You puncture the adder!
The adder is poisoned.
The adder is severely wounded.
The adder misses you.
You barely miss the adder.
The adder is almost dead.
You catch the helpless adder completely off-guard!
You impale the adder!!
You kill the adder!
AigisTheKnight's ghost barely misses you.
There is an open translucent door here.
You hit AigisTheKnight's ghost but do no damage.
AigisTheKnight's ghost hits you.
You completely miss AigisTheKnight's ghost.
You hit AigisTheKnight's ghost but do no damage.
Your punch misses AigisTheKnight's ghost.
AigisTheKnight's ghost misses you.
You barely miss AigisTheKnight's ghost. AigisTheKnight's ghost hits you.
You hit AigisTheKnight's ghost.
AigisTheKnight's ghost is lightly damaged.
You hit AigisTheKnight's ghost.
AigisTheKnight's ghost is lightly damaged.
AigisTheKnight's ghost tries to blend into its surroundings.
AigisTheKnight's ghost hits you!
You puncture AigisTheKnight's ghost!
AigisTheKnight's ghost is moderately damaged.
You hit AigisTheKnight's ghost.
AigisTheKnight's ghost is moderately damaged.
AigisTheKnight's ghost hits you!
* * * LOW HITPOINT WARNING * * *
You hit AigisTheKnight's ghost.
AigisTheKnight's ghost is moderately damaged.
AigisTheKnight's ghost closely misses you.
Okay, then.
Okay, then.
There is an open door here.
There is a stone staircase leading up here.
You climb upwards.
There is a stone staircase leading down here.
AigisTheKnight's ghost hits you!
You die...

#######.......##.....#
......#.......##'#####
......#.......##.....#
......#..............#
......#..............#
......#.......##.....#
......#.......##.....#
......#........#.....#
#.....#........'@W...#
#.....#........#.....#
#.....#........#.....#
#.....#........#.....#
#.....####'#####.....#
......#.......##.....#
......#.............<#
......#..............#
......#..............#


You could see AigisTheKnight's ghost.

Vanquished Creatures
  A sky beast (D:5)
  3 ogres
  3 bullfrogs
  A scorpion (D:5)
  A water moccasin skeleton (D:6)
  A hound (D:4)
  A jelly (D:4)
  An iguana (D:5)
  Ijyb (D:3)
  A hound skeleton (D:4)
  A howler monkey skeleton (D:5)
  8 adders
  A worm (D:3)
  3 dart slugs
  2 orcs (D:3)
  6 endoplasms
  10 giant cockroaches
  9 goblins
  6 hobgoblins
  8 quokkas
  5 ball pythons
  3 bats
  7 frilled lizards
  6 kobolds
  8 rats
97 creatures vanquished.

Vanquished Creatures (collateral kills)
  2 ogres (D:4)
2 creatures vanquished.

Vanquished Creatures (others)
  11 plants (D:3)
11 creatures vanquished.

Grand Total: 110 creatures vanquished

Notes
Turn   | Place    | Note
-------+----------+-------------------------------------------
     0 | D:1      | mandarbmax the Kobold Enchanter began the quest for the
                  | Orb.
     0 | D:1      | Reached XP level 1. HP: 10/10 MP: 3/3
   288 | D:1      | Reached XP level 2. HP: 6/15 MP: 5/5
   544 | D:1      | Found a faded altar of an unknown god.
  1288 | D:2      | Reached XP level 3. HP: 19/19 MP: 6/6
  1291 | D:2      | Learned a level 2 spell: Ensorcelled Hibernation
  1295 | D:2      | Learned a level 3 spell: Tukima's Dance
  2028 | D:2      | Reached XP level 4. HP: 24/24 MP: 7/7
  2373 | D:3      | Found a blossoming altar of Fedhas.
  2493 | D:3      | Found a glowing drain.
  2497 | Sewer    | Entered a sewer
  2708 | Sewer    | Reached XP level 5. HP: 28/28 MP: 8/8
  2711 | Sewer    | Reached skill level 5 in Stealth
  2937 | Sewer    | Noticed a bullfrog
  2939 | Sewer    | Noticed a bullfrog
  2945 | Sewer    | Killed a bullfrog
  2946 | Sewer    | Reached skill level 5 in Short Blades
  2951 | Sewer    | Killed a bullfrog
  2952 | Sewer    | Reached XP level 6. HP: 32/32 MP: 2/9
  3318 | D:3      | Noticed Ijyb
  3327 | D:3      | Killed Ijyb
  4459 | D:4      | Reached XP level 7. HP: 36/36 MP: 10/10
  4563 | D:4      | Found Dainaupp's Book Shoppe.
  4651 | D:4      | Reached skill level 5 in Hexes
  5338 | D:5      | Entered Level 5 of the Dungeon
  5707 | D:5      | Reached XP level 8. HP: 21/41 MP: 9/11
  5870 | D:5      | Reached skill level 5 in Dodging
  6002 | D:5      | Reached skill level 1 in Throwing
  6434 | D:6      | Found a runed translucent door.
  6457 | D:6      | Learned a level 3 spell: Swiftness
  6524 | D:6      | Noticed AigisTheKnight's ghost (novice NaWr)
  6563 | D:5      | Slain by AigisTheKnight's ghost

Illustrated notes

Levels and vault maps discovered:
D:1:      dpeg_arrival_simpleton_a, layout_rooms,
          dreamdust_ecumenical_altar_statues
D:2:      layout_rooms
D:3:      wad_woods_pond, layout_basic, fedhas_altar_3, gup_sewer_entry_spiral,
          uniq_ijyb
D:4:      layout_basic, serial_shops, nicolae_shop_advertising_works
          [nicolae_subvault_shop_adworks]
D:5:      layout_gridville, minmay_statues_item
D:6:      layout_gridville, nicolae_ru_the_path_less_chosen,
          ebering_ghost_sewer_d

Skill      XL: |  1  2  3  4  5  6  7  8 |
---------------+-------------------------+-----
Short Blades   | 2 3 4 6 7 |  7.0
Dodging        | 3 4 5 |  5.9
Stealth        | 5 6 7 |  7.0
Hexes          | 4 5 |  5.0
Throwing       | 3 |  3.0
Spellcasting   | |  2.1

Action                   |  1- 3 |  4- 6 |  7- 9 || total
-------------------------+-------+-------+-------++-------
Melee: Dagger            |    98 |   106 |    88 ||   292
       Punch             |       |     2 |     1 ||     3
Throw: Dart              |       |       |     1 ||     1
 Cast: Ensorcelled Hiber |     7 |    17 |     6 ||    30
       Tukima's Dance    |       |     2 |     5 ||     7
Evoke: Condenser vane    |       |     1 |       ||     1
  Use: Potion            |     1 |       |     2 ||     3
       Scroll            |       |     6 |     5 ||    11
 Stab: Sleeping          |    13 |    26 |    11 ||    50
       Distracted        |     1 |       |       ||     1
       Invisible         |     1 |       |     1 ||     2
Armor: Robe              |    12 |    10 |     4 ||    26
Dodge: Dodged            |    55 |    50 |    41 ||   146

Table legend: (Time is in decaauts)
 A = Elapsed time spent in this place.
 B = Non-inter-level travel time spent in this place.
 C = Inter-level travel time spent in this place.
 D = Time resting spent in this place.
 E = Time spent auto-exploring this place.
 F = Levels seen in this place.
 G = Mean time per level.
                   A        B        C        D        E       F      G
               +--------+--------+--------+--------+--------+-----+--------+
         Total |   6642 |   6423 |    219 |    899 |   4580 |   7 |  948.9 |
       Dungeon |   5823 |   5604 |    219 |    844 |   3961 |   6 |  970.5 |
         Sewer |    818 |    818 |      0 |     55 |    618 |   1 |  818.0 |
               +--------+--------+--------+--------+--------+-----+--------+

Top non-repeatable levels by time:
     D:3: 1264 daAuts
     D:1: 1262 daAuts
     D:5: 1082 daAuts
     D:2: 1067 daAuts
     D:4: 1021 daAuts
   Sewer: 818 daAuts
     D:6: 126 daAuts
